 Dungeon Crawl Stone Soup version 0.29-a0-352-g0917bc69df (webtiles) character file.

Game seed: 6868236808009053831

5581 Dauddaud the Severer (level 10, 0/115 HPs)
             Began as a Minotaur Berserker on Apr 23, 2022.
             Was an Elder of Trog.
             Slain by a freezing wraith (1 damage)
             ... on level 8 of the Dungeon.
             The game lasted 00:12:16 (9887 turns).

Dauddaud the Severer (Minotaur Berserker)           Turns: 9887, Time: 00:12:18

Health: 0/115      AC: 16    Str: 26    XL:     10   Next: 44%
Magic:  9/9        EV:  7    Int:  4    God:    Trog [****..]
Gold:   608        SH:  0    Dex: 10    Spells: 9/9 levels left

rFire   . . .      SeeInvis .   x - +3 battleaxe (freeze)
rCold   . . .      Faith    .   (shield currently unavailable)
rNeg    . . .      Spirit   .   l - +0 plate armour
rPois   .          Reflect  .   (helmet restricted)
rElec   .          Harm     .   e - +0 cloak
rCorr   .          Rampage  .   (no gloves)
Will    .....                   (no boots)
Stlth   ..........              (no amulet)
HPRegen 0.29/turn               i - +4 ring of protection
MPRegen 0.11/turn               (no ring)

@: berserking, slowed
A: horns 2, retaliatory headbutt
a: Renounce Religion, Berserk, Trog's Hand, Brothers in Arms


You were on level 8 of the Dungeon.
You worshipped Trog.
Trog was greatly pleased with you.
You visited 1 branch of the dungeon, and saw 9 of its levels.
You also visited: Ossuary.

You collected 608 gold pieces.

Inventory:

Hand Weapons
 a - a +0 hand axe
 x - a +3 battleaxe of freezing (weapon)
Missiles
 f - 2 throwing nets (quivered)
Armour
 b - a +0 animal skin
 c - a +0 ring mail
 d - a +0 scale mail
 e - a +0 cloak (worn)
 l - a +0 plate armour (worn)
 G - +0 acid dragon scales
Jewellery
 i - a +4 ring of protection (left hand)
Wands
 k - a wand of polymorph (6)
 t - a wand of acid (12)
 y - a wand of iceblast (26)
 B - a wand of charming (17)
Scrolls
 g - a scroll of identify {unknown}
 h - 2 scrolls of enchant armour {unknown}
 j - 2 scrolls of blinking {unknown}
 m - 4 scrolls of amnesia
 n - a scroll of silence {unknown}
 r - 2 scrolls of fog {unknown}
 v - a scroll of torment {unknown}
 A - 2 scrolls of fear {unknown}
 C - a scroll of enchant weapon {unknown}
 D - a scroll of vulnerability {unknown}
 E - a scroll of acquirement {unknown}
Potions
 o - a potion of mutation {unknown}
 p - 2 potions of magic {unknown}
 q - 3 potions of curing
 s - a potion of haste {unknown}
 u - a potion of cancellation {unknown}
 w - a potion of might {unknown}
 z - 2 potions of degeneration {unknown}
 F - a potion of attraction {unknown}


   Skills:
 - Level 3.6 Fighting
 * Level 16.4 Axes
 - Level 2.4 Armour
 - Level 2.1 Dodging
 + Level 6.7 Evocations


You had 9 spell levels left.
You didn't know any spells.
Your spell library was empty.

Dungeon Overview and Level Annotations

Branches:
Dungeon (9/15)             Temple (0/1) D:5            Lair (0/6) D:8
Ossuary (visited)
    Orc: D:9-12

Altars:
Trog

Shops:
D:2 *   D:8 =


Innate Abilities, Weirdness & Mutations

You have a pair of horns on your head.
You reflexively headbutt those who attack you in melee.


Message History

The ice beast moves out of view.
You slash the ice beast! Your headbutt misses the ice beast.
The ice beast is moderately wounded.
The ice beast hits you but does no damage.
You hit the ice beast.
The ice beast is heavily wounded.
The ice beast hits you but does no damage.
You hit the ice beast but do no damage.
The ice beast is heavily wounded.
The ice beast hits you but does no damage.
You barely miss the ice beast. Your headbutt misses the ice beast.
The ice beast is moderately wounded.
You slice the ice beast!!
You kill the ice beast!
Trog accepts your kill.
No target in view!
No target in view!
A freezing wraith comes into view.
Found a gnarled glowing staff.
A freezing wraith is nearby!
You slash the freezing wraith!
You headbutt the freezing wraith, but do no damage.
The freezing wraith is lightly damaged.
The freezing wraith hits you! The freezing wraith freezes you!
The freezing wraith hits you! The freezing wraith drains your vigour!
You feel yourself slow down.
You slash the freezing wraith!
Your headbutt misses the freezing wraith.
The freezing wraith is moderately damaged.
The freezing wraith hits you but does no damage. x2
The freezing wraith hits you! The freezing wraith freezes you!!
* * * LOW HITPOINT WARNING * * *
The freezing wraith barely misses you.
A red film seems to cover your vision as you go berserk!
You feel yourself moving faster!
You feel mighty! The freezing wraith hits you!
* * * LOW HITPOINT WARNING * * *
The freezing wraith freezes you!
* * * LOW HITPOINT WARNING * * *
The freezing wraith hits you.
You die...

#.#####.# ♣♣....♣.♣....♣♣ ## #..#
### ######.###### ### #. #..# ♣.♣
♣♣♣♣♣♣♣.♣ ♣♣.♣ #. #..# ♣.♣
♣.......♣ #♣.♣♣ #. #..#♣♣.♣♣
♣.♣♣♣♣♣♣♣♣♣♣♣♣♣#.♣♣ #. #..#♣...♣
♣.♣...........♣#♣.♣♣ #. ##.#♣...♣
♣.♣.♣♣♣♣♣♣♣♣♣.♣ ♣♣.♣♣#. #.#♣...♣
♣.♣.♣#......♣.♣ ♣♣.♣#.
##.#♣...♣#♣.♣.♣#@####.♣)♣#♣♣♣♣.#)
#...........♣.♣#.W..#.♣..........
#..#♣...♣#♣.♣.♣#.'.|#.♣.♣#♣♣♣♣.#.
#..#♣...♣ ♣.♣.♣######.♣.♣ ♣♣.♣#.
#..#♣...♣ ♣.♣.♣♣♣♣♣♣♣.♣.♣ ♣♣.♣♣#.
#..#♣...♣ ♣.♣.........♣.♣#♣.♣♣ #.
#..#♣♣.♣♣ ♣.♣♣♣♣♣♣♣♣♣♣♣.♣#.♣♣ #.
#..# ♣.♣ ♣....†).......♣#♣.♣♣ #.
#..# ♣.♣ ♣♣♣♣♣♣♣.♣♣♣♣♣♣♣ ♣♣.♣ #.


You could see a freezing wraith.

Vanquished Creatures
  A two-headed ogre (D:8)
  A manticore (D:8)
  A hornet (D:7)
  3 wyverns (D:8)
  A yak (D:8)
  A steam dragon (D:8)
  An acid dragon (D:8)
  2 water moccasins
  2 ice beasts
  3 black bears
  2 orc warriors (D:8)
  3 centaurs
  2 phantoms
  2 kobold brigands
  7 bullfrogs
  3 necrophages
  2 scorpions
  11 wights (D:7)
  2 howler monkeys
  A centaur zombie (Ossuary)
  3 human zombies (Ossuary)
  2 orc priests (D:6)
  2 jellies
  A gnoll shaman (D:8)
  4 hounds
  4 iguanas
  2 orc wizards
  3 mummies
  6 gnolls
  10 adders
  3 shadow imps
  2 white imps
  3 ufetubi
  5 worms
  2 dart slugs (D:2)
  13 orcs
  3 ball pythons (D:1)
  10 endoplasms
  3 giant cockroaches
  5 gnoll zombies (Ossuary)
  A goblin (D:1)
  9 hobgoblins
  A quokka (D:1)
  5 bats
  2 frilled lizards
  A goblin zombie (Ossuary)
  4 hobgoblin zombies (Ossuary)
  16 kobolds
  7 rats
  A butterfly (D:5)
184 creatures vanquished.

Vanquished Creatures (others)
  26 fungi (D:8)
  26 plants (D:8)
52 creatures vanquished.

Grand Total: 236 creatures vanquished

Notes
Turn   | Place    | Note
-------+----------+-------------------------------------------
     0 | D:1      | Dauddaud the Minotaur Berserker began the quest for the
                  | Orb.
     0 | D:1      | Reached XP level 1. HP: 19/19 MP: 0/0
   145 | D:1      | Reached skill level 4 in Axes
   296 | D:1      | Reached XP level 2. HP: 25/26 MP: 1/1
  1017 | D:2      | Found Dubol's Assorted Antiques.
  1032 | D:2      | Reached skill level 5 in Axes
  1032 | D:2      | Reached XP level 3. HP: 31/31 MP: 2/2
  1212 | D:2      | Reached ** piety under Trog
  1224 | D:2      | Found a faded altar of an unknown god.
  1247 | D:2      | Reached skill level 6 in Axes
  1247 | D:2      | Reached XP level 4. HP: 11/39 MP: 3/3
  2647 | D:3      | Noticed a phantom
  2655 | D:3      | Killed a phantom
  2656 | D:3      | Reached skill level 7 in Axes
  2656 | D:3      | Reached XP level 5. HP: 40/45 MP: 4/4
  2894 | D:3      | Noticed a black bear
  2904 | D:3      | Killed a black bear
  2905 | D:3      | Reached skill level 8 in Axes
  2905 | D:3      | Reached XP level 6. HP: 22/51 MP: 5/5
  3179 | D:3      | You fall into a shaft and drop 3 floors!
  3464 | D:6      | Reached skill level 9 in Axes
  3475 | D:6      | Reached XP level 7. HP: 48/57 MP: 6/6
  3488 | D:6      | Reached *** piety under Trog
  3489 | D:6      | Reached skill level 10 in Axes
  3654 | D:6      | Found a sand-covered staircase.
  3661 | Ossuary  | Entered an ossuary
  3975 | Ossuary  | Reached skill level 11 in Axes
  4575 | D:5      | Entered Level 5 of the Dungeon
  5471 | D:5      | Reached skill level 1 in Evocations
  5471 | D:5      | Reached XP level 8. HP: 58/64 MP: 7/7
  5559 | D:5      | Reached **** piety under Trog
  5816 | D:5      | Found a staircase to the Ecumenical Temple.
  5993 | D:5      | Reached skill level 12 in Axes
  6042 | D:5      | Found a bloodstained altar of Trog.
  6571 | D:7      | Reached skill level 13 in Axes
  6773 | D:7      | Noticed a hornet
  6781 | D:7      | Killed a hornet
  6782 | D:7      | Reached XP level 9. HP: 36/70 MP: 8/8
  8187 | D:7      | Reached skill level 14 in Axes
  8697 | D:8      | Reached skill level 5 in Evocations
  8931 | D:8      | Noticed a two-headed ogre
  8933 | D:8      | Found Cean's Jewellery Shoppe.
  8939 | D:8      | Killed a two-headed ogre
  8940 | D:8      | Reached skill level 15 in Axes
  8940 | D:8      | Reached XP level 10. HP: 53/77 MP: 9/9
  8998 | D:8      | Found a staircase to the Lair.
  9135 | D:8      | Noticed a manticore
  9147 | D:8      | Killed a manticore
  9148 | D:8      | Reached skill level 16 in Axes
  9150 | D:8      | HP: 3/77 [wyvern (7)]
  9887 | D:8      | HP: 1/115 [freezing wraith (9)]
  9887 | D:8      | Slain by a freezing wraith

Illustrated notes

Levels and vault maps discovered:
D:1:      evilmike_arrival_crescent, layout_basic
D:2:      layout_loops_corners, serial_shops, shop,
          hellmonk_ecumenical_altar_blasted
D:3:      layout_basic
D:4:      layout_basic
D:5:      layout_basic, mainiacjoe_overflow_cross_hatched,
          minmay_temple_entry_butterflies
D:6:      layout_loops_ring, gup_ossuary_entry_pyramid
D:7:      layout_layer_cave
D:8:      nzn_winding_woodlands_cross
          [nzn_winding_woodlands_5x15_river_crossing,
          nzn_winding_woodlands_5x15_sawtooth,
          nzn_winding_woodlands_5x15_default, nzn_winding_woodlands_5x15_garden,
          nzn_winding_woodlands_15x15_boxy_spiral], layout_rooms,
          due_lair_maze_entry_diamond, serial_shops, shop, due_unseen_surprise
D:9:      layout_stronghold, kennysheep_cross_bottleneck, serial_park_tiny_2,
          minmay_misc_feat_hallway, minivault_4

Skill      XL: |  1  2  3  4  5  6  7  8  9 10 |
---------------+-------------------------------+-----
Axes           | 4 5 6 7 8 9 11 13 15 16 | 16.4
Evocations     | 1 3 5 6 |  6.7
Fighting       | |  3.6
Armour         | |  2.4
Dodging        | |  2.1

Action                   |  1- 3 |  4- 6 |  7- 9 | 10-12 || total
-------------------------+-------+-------+-------+-------++-------
Melee: Hand axe          |    49 |   135 |   202 |       ||   386
       Headbutt          |     8 |    18 |    54 |     6 ||    86
       Punch             |     1 |     3 |     2 |       ||     6
       Battleaxe         |       |       |   101 |    46 ||   147
Invok: Berserk           |     1 |       |     2 |     2 ||     5
       Trog's Hand       |       |       |     1 |       ||     1
  Use: Scroll            |       |       |     1 |       ||     1
       Potion            |       |       |     1 |       ||     1
Armor: Animal skin       |     4 |       |       |       ||     4
       Ring mail         |     5 |       |       |       ||     5
       Scale mail        |       |    65 |    43 |       ||   108
       Plate armour      |       |       |   120 |    34 ||   154
Dodge: Dodged            |    25 |    40 |   103 |    13 ||   181

Table legend: (Time is in decaauts)
 A = Elapsed time spent in this place.
 B = Non-inter-level travel time spent in this place.
 C = Inter-level travel time spent in this place.
 D = Time resting spent in this place.
 E = Time spent auto-exploring this place.
 F = Levels seen in this place.
 G = Mean time per level.
                   A        B        C        D        E       F      G
               +--------+--------+--------+--------+--------+-----+--------+
         Total |   9877 |   9650 |    227 |   2985 |   5497 |  10 |  987.7 |
       Dungeon |   9256 |   9029 |    227 |   2550 |   5432 |   9 | 1028.4 |
       Ossuary |    621 |    621 |      0 |    435 |     65 |   1 |  621.0 |
               +--------+--------+--------+--------+--------+-----+--------+

Top non-repeatable levels by time:
     D:7: 1903 daAuts
     D:8: 1535 daAuts
     D:2: 1462 daAuts
     D:3: 1241 daAuts
     D:6: 1061 daAuts
     D:1: 1020 daAuts
     D:5: 701 daAuts
 Ossuary: 621 daAuts
     D:4: 284 daAuts
     D:9: 45 daAuts
